Map: New Repugnancy LE

Players

Clem - Winner!

  • Race: Terran Terran
  • League: Grandmaster
  • Spawn Location: 7:00

Harstem

  • Race: Protoss Protoss
  • League: Grandmaster
  • Spawn Location: 1:00

Event: HomeStory Cup XIX

VOD

Have the link to the VOD?

Description

Time

  • Played on: June 27, 2019, 7:37 a.m.
  • Length: 12:56

All games in this series

Show
View Real Time Build Order
Export as new Build Order

Clem Terran - Winner!

Build Orders: Gas First Reaper Expand 

Get SALT Encoding   

  12  0:00  SCV  
  13  0:12  SCV  
  14  0:17  Supply Depot  
  14  0:24  SCV  
  15  0:29  Refinery  
  15  0:38  SCV  
  16  0:45  Barracks  
  16  0:50  SCV  
  17  1:03  SCV  
  18  1:15  SCV  
  19  1:32  Orbital Command, Reaper  
  20  1:46  Command Center  
  20  1:57  Factory  
  20  2:03  SCV  
  20  2:07  Barracks Reactor  
  21  2:15  SCV  
  22  2:18  Supply Depot  
  22  2:20  Refinery  
  22  2:27  SCV  
  23  2:40  SCV  
  23  2:52  SCV  
  23  2:53  Starport  
  23  2:56  Hellion x2  
  28  3:04  SCV  
  29  3:05  Marine  
  30  3:14  Orbital Command  
  30  3:16  SCV  
  30  3:18  Widow Mine x2  
  35  3:25  Marine  
  36  3:28  Orbital Command, SCV  
  36  3:30  Medivac  
  39  3:39  Supply Depot  
  39  3:40  SCV  
  38  3:45  Widow Mine  
  38  3:46  Widow Mine  
  41  3:52  SCV  
  41  3:54  SCV  
  43  3:56  Barracks Tech Lab  
  43  3:58  Bunker  
  43  4:05  SCV  
  43  4:08  Widow Mine  
  46  4:11  SCV, Supply Depot  
  46  4:15  Stimpack  
  46  4:17  SCV, Medivac  
  48  4:22  Widow Mine  
  52  4:27  SCV, Supply Depot  
  52  4:29  SCV  
  54  4:33  Marine  
  55  4:40  SCV  
  55  4:41  SCV  
  55  4:42  Supply Depot  
  55  4:45  Widow Mine x2  
  61  4:52  SCV  
  62  4:53  Viking, SCV  
  65  5:05  SCV x2  
  65  5:06  Supply Depot  
  65  5:07  Barracks x2  
  67  5:13  Engineering Bay  
  67  5:14  Marine, Refinery  
  67  5:17  SCV  
  67  5:19  SCV  
  70  5:28  Factory Tech Lab  
  70  5:29  Starport Tech Lab, SCV  
  70  5:30  Starport Reactor  
  70  5:33  SCV  
  73  5:39  Supply Depot  
  73  5:41  Refinery, SCV, Terran Infantry Weapons Level 1  
  73  5:43  Marauder  
  73  5:45  SCV  
  74  5:53  SCV  
  75  5:57  SCV  
  75  5:58  Command Center  
  76  6:04  Marauder  
  76  6:05  SCV  
  76  6:06  Factory Reactor  
  76  6:09  Combat Shield, SCV  
  76  6:10  Marauder, Marine x2  
  82  6:17  SCV  
  81  6:20  Supply Depot  
  81  6:21  SCV  
  74  6:26  Marauder  
  74  6:27  Marine x2  
  74  6:29  SCV  
  74  6:30  Concussive Shells  
  75  6:33  Marauder, SCV  
  76  6:41  Barracks  
  76  6:42  Barracks  
  76  6:44  Widow Mine x2  
  76  6:45  Marine x2  
  76  6:46  Medivac  
  84  6:48  Medivac  
  84  6:51  SCV  
  87  6:56  Marauder x2  
  87  7:00  SCV  
  92  7:02  Supply Depot  
  92  7:03  SCV  
  92  7:05  Marine x2  
  94  7:08  Widow Mine  
  94  7:09  Widow Mine  
  94  7:12  SCV  
  98  7:15  SCV  
  98  7:18  Medivac x2  
  98  7:19  Supply Depot  
  102  7:24  Marauder x2, SCV  
  102  7:28  Orbital Command  
  107  7:32  Barracks Reactor, Barracks Tech Lab  
  107  7:35  Widow Mine x2  
  107  7:36  Marine  
  112  7:37  Marine  
  112  7:38  SCV  
  114  7:47  Supply Depot  
  114  7:50  Barracks x2  
  114  7:54  Marauder  
  114  7:55  Marine  
  114  7:57  Marauder  
  119  8:00  Widow Mine x2  
  119  8:02  Medivac x2  
  125  8:07  Terran Infantry Armor Level 1  
  125  8:08  Supply Depot  
  125  8:09  Marine  
  125  8:10  Marine  
  125  8:12  Marauder  
  129  8:17  Marine x2  
  130  8:20  Supply Depot  
  130  8:21  SCV x3  
  130  8:26  Marauder x2  
  137  8:28  Marine  
  137  8:29  Marine  
  137  8:33  Widow Mine x2  
  137  8:34  Marauder  
  137  8:35  SCV  
  137  8:37  Marine  
  137  8:40  Marine  
  133  8:44  Medivac x2  
  133  8:46  SCV  
  133  8:47  Marauder, Barracks Tech Lab  
  137  8:50  Marine x2  
  137  8:53  Ghost Academy  
  137  8:54  Widow Mine, Supply Depot  
  137  8:55  Marauder, Refinery  
  143  8:58  Marine  
  143  9:01  Marauder  
  141  9:05  Widow Mine  
  141  9:07  Marauder  
  141  9:08  Marauder  
  144  9:11  Supply Depot  
  144  9:15  Marine x2, Barracks Tech Lab  
  144  9:16  Marauder  
  148  9:21  Marine x2  
  148  9:22  Marine  
  151  9:24  Engineering Bay, Armory  
  151  9:26  Supply Depot  
  151  9:27  Marine, Supply Depot  
  151  9:30  Widow Mine  
  151  9:31  Ghost  
  154  9:35  Marine  
  154  9:37  Ghost  
  159  9:39  Marine  
  159  9:40  Widow Mine  
  159  9:44  Marine x2  
  160  9:46  Medivac x2  
  160  9:50  Marauder  
  160  9:51  Widow Mine  
  158  9:53  Marauder  
  158  9:55  Marine  
  158  9:56  Marauder  
  158  9:59  Marine  
  149  10:00  Marauder  
  149  10:02  Widow Mine  
  149  10:05  Marine x2  
  143  10:16  Medivac  
  143  10:17  Command Center  
  145  10:22  Terran Infantry Weapons Level 2  
  145  10:26  Terran Infantry Armor Level 2  
  145  10:31  Marine x4  
  145  10:35  Widow Mine x2  
  153  10:39  Marauder x2  
  157  10:46  Ghost  
  159  10:52  Ghost  
  159  10:54  Marine  
  159  10:55  Marine x2  
  159  10:57  Marine  
  159  10:58  Widow Mine  
  158  11:05  Barracks, Refinery, Medivac  
  158  11:08  Marauder  
  158  11:10  Marine  
  161  11:11  Widow Mine  
  161  11:12  Marine x2, Medivac  
  161  11:13  Marine  
  161  11:16  Marine  
  161  11:17  Marauder  
  168  11:24  Marauder  
  167  11:29  Marauder  
  161  11:35  Medivac  
  161  11:38  Marine, Widow Mine  
  161  11:39  Marauder  
  158  11:43  Marine x3, Medivac  
  158  11:45  SCV x2  
  161  11:49  Marauder x2, Marine  
  161  11:50  Marine  
  161  11:54  Missile Turret  
  161  11:55  Missile Turret  
  161  11:56  Barracks Reactor  
  161  11:58  Marine  
  161  12:00  Marauder  
  164  12:01  Marine  
  164  12:02  Widow Mine x2  
  164  12:05  Medivac  
  164  12:06  Marine x2  
  164  12:07  Marauder, Ghost  
  173  12:23  Marauder, Widow Mine x2  
  173  12:26  Ghost  
  173  12:27  Marine x2  
  173  12:28  Marine  
  178  12:31  Marine  
  178  12:33  Marauder  
  178  12:34  Marauder  
  178  12:36  Marine  
  181  12:43  Refinery  
  178  12:44  Refinery  
Show
View Real Time Build Order
Export as new Build Order

Harstem Protoss 

Build Orders: 1 Gate Expand, Oracle Opening 

Get SALT Encoding   

  12  0:00  Probe  
  13  0:12  Probe  
  14  0:17  Pylon  
  14  0:24  Probe  
  15  0:32  Probe  
  15  0:38  Gateway  
  15  0:40  Probe  
  16  0:48  Assimilator  
  17  0:51  Probe  
  18  1:03  Probe  
  19  1:15  Probe  
  20  1:24  Nexus  
  20  1:34  Cybernetics Core  
  20  1:36  Probe  
  21  1:44  Assimilator  
  21  1:48  Probe  
  21  1:52  Pylon  
  22  2:00  Probe, Adept  
  23  2:12  Probe  
  26  2:20  Stargate  
  26  2:24  Probe  
  27  2:30  Stalker  
  27  2:36  Probe  
  30  2:39  Probe  
  31  2:49  Probe  
  31  2:51  Probe  
  33  2:53  Oracle  
  33  3:01  Probe  
  33  3:03  Probe  
  37  3:10  Warp Gate  
  37  3:13  Probe  
  37  3:15  Probe  
  37  3:17  Pylon  
  39  3:25  Probe  
  40  3:27  Probe  
  41  3:37  Probe  
  41  3:39  Probe  
  41  3:49  Probe  
  41  3:51  Probe  
  41  3:53  Twilight Council  
  43  3:58  Probe  
  43  3:59  Probe  
  43  4:01  Pylon  
  43  4:02  Gateway  
  44  4:06  Probe, Gateway, Phoenix  
  44  4:07  Probe, Pylon  
  45  4:15  Probe  
  49  4:18  Probe  
  51  4:26  Nexus  
  51  4:27  Probe  
  51  4:30  Probe  
  53  4:32  Assimilator  
  53  4:33  Phoenix  
  55  4:40  Probe  
  55  4:43  Probe  
  57  4:49  Charge  
  57  4:56  Probe  
  57  4:57  Probe  
  59  5:02  Forge  
  59  5:03  Gateway  
  59  5:05  Pylon  
  59  5:06  Gateway x2  
  59  5:11  Probe  
  60  5:17  Adept x2  
  64  5:25  Probe, Phoenix  
  64  5:27  Probe, Pylon  
  66  5:37  Probe  
  66  5:38  Probe  
  66  5:39  Probe  
  66  5:40  Protoss Ground Armor Level 1  
  66  5:42  Zealot x2, Phoenix  
  73  5:49  Probe  
  74  5:52  Probe  
  74  5:53  Probe  
  78  6:01  Probe  
  79  6:04  Probe  
  79  6:07  Probe  
  78  6:15  Adept x4  
  78  6:16  Probe  
  78  6:28  Probe  
  78  6:31  Probe  
  81  6:34  Pylon  
  81  6:36  Zealot x4  
  81  6:39  Probe  
  89  6:43  Templar Archives  
  89  6:44  Probe  
  89  6:45  Probe  
  89  6:47  Probe  
  89  6:48  Sentry  
  89  6:52  Probe  
  89  6:53  Probe  
  89  6:54  Robotics Facility  
  94  6:56  Assimilator  
  94  6:57  Probe  
  97  7:01  Probe  
  97  7:03  Probe  
  99  7:13  Assimilator  
  99  7:14  Pylon  
  100  7:16  Zealot x3, Pylon  
  100  7:20  Gateway  
  100  7:22  Gateway  
  103  7:23  Zealot x2  
  103  7:29  Blink  
  107  7:30  Probe x2  
  109  7:43  Zealot  
  109  7:44  Protoss Ground Armor Level 2, Zealot x4  
  109  7:50  Zealot  
  115  7:51  Probe  
  115  7:52  Immortal  
  115  7:55  Assimilator  
  116  8:03  Probe  
  116  8:05  Zealot x4  
  125  8:10  Psionic Storm, Pylon  
  125  8:22  Pylon  
  125  8:24  Immortal  
  123  8:32  Zealot x5  
  111  8:45  High Templar x3  
  111  8:46  Probe  
  110  8:51  Forge  
  110  8:54  Pylon  
  110  8:55  Zealot x2  
  112  8:59  Zealot x2  
  112  9:01  Immortal  
  108  9:06  Zealot  
  103  9:18  Pylon  
  103  9:22  Zealot x7  
  115  9:34  Zealot  
  115  9:45  Stalker x5  
  119  9:49  Archon  
  119  9:50  Zealot x2  
  113  9:53  Probe  
  113  9:57  Probe x2  
  96  10:03  Zealot  
  97  10:08  High Templar x2  
  97  10:09  High Templar x2  
  97  10:11  Zealot x3  
  97  10:13  Oracle, Protoss Ground Weapons Level 1  
  111  10:15  Probe  
  112  10:22  Warp Prism  
  112  10:28  Sentry  
  119  10:36  Zealot  
  119  10:47  Archon  
  119  10:49  Zealot x5  
  121  10:50  Nexus  
  119  11:00  Zealot x3  
  121  11:09  High Templar  
  121  11:10  High Templar x3  
  127  11:12  Zealot  
  125  11:21  Zealot x3  
  121  11:30  Immortal  
  121  11:32  Zealot  
  119  11:35  Probe x2  
  119  11:39  Probe  
  114  11:43  Probe x2  
  114  11:44  Stalker x3  
  111  11:51  Probe x2  
  111  11:53  Probe  
  114  11:56  High Templar x3  
  114  11:57  High Templar  
  114  11:58  Sentry  
  114  12:00  Archon x2  
  124  12:03  Probe x2  
  124  12:05  Probe  
  125  12:21  Zealot x4  
  123  12:31  Zealot x4  
  123  12:32  Archon  
  123  12:33  Archon  
  125  12:41  High Templar  
  125  12:42  Zealot x3  
  119  12:53  Zealot  
  119  12:54  Zealot x3  
Tags
 
Add a new tag
Caveats
  • Supply blocks, unpowered buildings, or Contaminate may cause inaccurate times.
  • Supply counts are checked every 10 seconds.